PCL
GRESHAM GOLD SOULS @ SAN JOSE MISSIONS
05/02/2028
 
TOP OF THE 1ST
Gresham Gold Souls batting - Pitching for San Jose Missions : RHP Luis Ortíz
Pitching: RHP Luis Ortíz
Batting: SHB Todd Smith 0-0: Swinging Strike
0-1: Ball
1-1: Fly out, F9 (Flyball, 89S)
Batting: RHB Mario Méndez 0-0: Ball
1-0: Ground out 5-3 (Groundball, 56S)
Batting: RHB Aaron Scott 0-0: Ball
1-0: Swinging Strike
1-1: Called Strike
1-2: Ground out 6-3 (Groundball, 6)
Top of the 1st over - 0 run(s), 0 hit(s), 0 error(s), 0 left on base; Gresham 0 - San Jose 0
BOTTOM OF THE 1ST
San Jose Missions batting - Pitching for Gresham Gold Souls : LHP Francisco Nieto
Pitching: LHP Francisco Nieto
Batting: RHB Culley Douglas 0-0: Ball
1-0: Ball
2-0: Called Strike
2-1: Called Strike
2-2: SINGLE (Groundball, 56D)
Batting: RHB Jorge Díaz 0-0: Called Strike
0-1: Grounds into double play, 6-4-3 (Groundball, 6)
Batting: RHB Dale Taylor 0-0: Ball
1-0: Called Strike
1-1: Foul Ball, location: 2F
1-2: Foul Ball, location: 2F
1-2: Ball
2-2: Ball
3-2: Fly out, F7 (Flyball, 7D)
Bottom of the 1st over - 0 run(s), 1 hit(s), 0 error(s), 0 left on base; Gresham 0 - San Jose 0
TOP OF THE 2ND
Gresham Gold Souls batting - Pitching for San Jose Missions : RHP Luis Ortíz
Batting: LHB Chance Santry 0-0: Foul Ball, location: 2F
0-1: Ball
1-1: Called Strike
1-2: Ball
2-2: Foul Ball, location: 2F
2-2: SINGLE (Line Drive, 6MD)
Batting: RHB Peter Hensley 0-0: Foul Ball, location: 2F
0-1: Ball
1-1: Ball
2-1: Foul Ball, location: 2F
2-2: Foul Ball, location: 2F
2-2: Foul Ball, location: 2F
2-2: Foul Ball, location: 2F
2-2: Foul Ball, location: 2F
2-2: SINGLE (Groundball, 56D)
Chance Santry to second
Batting: LHB Millard Dye 0-0: Ball
1-0: Ball
2-0: Foul Ball, location: 2F
2-1: Ball
3-1: Base on Balls
Chance Santry to third
Peter Hensley to second
Batting: RHB Gabriel Miranda 0-0: Ball
1-0: Ball
2-0: GRAND SLAM HOME RUN (Flyball, 78XD), Distance : 432 ft
Batting: RHB Brian Dixon 0-0: Called Strike
0-1: Fly out, F9 (Flyball, 9)
Batting: RHB Gustavo Pagán 0-0: Ball
1-0: Foul Ball, location: 2F
1-1: Ball
2-1: Foul Ball, location: 2F
2-2: Foul Ball, location: 2F
2-2: TRIPLE (Flyball, 89XD)
Batting: SHB Todd Smith 0-0: Ground out U3 (Groundball, 3L)
Batting: RHB Mario Méndez 0-0: Ball
1-0: Fly out, F8 (Flyball, 8RM)
Top of the 2nd over - 4 run(s), 4 hit(s), 0 error(s), 1 left on base; Gresham 4 - San Jose 0
BOTTOM OF THE 2ND
San Jose Missions batting - Pitching for Gresham Gold Souls : LHP Francisco Nieto
Batting: RHB Naomichi Aoki 0-0: SINGLE (Groundball, 5S) (infield hit)
Batting: RHB Irwin Duncan 0-0: Called Strike
0-1: Called Strike
0-2: Fly out, F5 (Line Drive, 56)
Batting: RHB Ed Starr 0-0: Ball
1-0: Called Strike
1-1: Ball
2-1: Foul Ball, location: 2F
2-2: Ball
3-2: Grounds into double play, 4-6-3 (Groundball, 4)
Bottom of the 2nd over - 0 run(s), 1 hit(s), 0 error(s), 0 left on base; Gresham 4 - San Jose 0
TOP OF THE 3RD
Gresham Gold Souls batting - Pitching for San Jose Missions : RHP Luis Ortíz
Batting: RHB Aaron Scott 0-0: Ball
1-0: Called Strike
1-1: Called Strike
1-2: Strikes out looking
Batting: LHB Chance Santry 0-0: Ball
1-0: Ball
2-0: Fly out, F2 (Popup, 2L)
Batting: RHB Peter Hensley 0-0: Ball
1-0: Foul Ball, location: 2F
1-1: Ball
2-1: Ground out 6-3 (Groundball, 6)
Top of the 3rd over - 0 run(s), 0 hit(s), 0 error(s), 0 left on base; Gresham 4 - San Jose 0
BOTTOM OF THE 3RD
San Jose Missions batting - Pitching for Gresham Gold Souls : LHP Francisco Nieto
Batting: RHB José Martínez 0-0: Ball
1-0: Ground out 6-3 (Groundball, 6)
Batting: RHB José Sánchez 0-0: Called Strike
0-1: Ball
1-1: Ball
2-1: Swinging Strike
2-2: Strikes out swinging
Batting: RHB Miguel Mendoza 0-0: DOUBLE (Groundball, 5L)
Batting: RHB Culley Douglas 0-0: Called Strike
0-1: Ball
1-1: Foul Ball, location: 2F
1-2: Ball
2-2: Ball
3-2: Foul Ball, location: 2F
3-2: Base on Balls
Batting: RHB Jorge Díaz 0-0: Ball
1-0: Ball
2-0: Swinging Strike
2-1: Ball
3-1: Called Strike
3-2: Fly out, F9 (Flyball, 9)
Bottom of the 3rd over - 0 run(s), 1 hit(s), 0 error(s), 2 left on base; Gresham 4 - San Jose 0
TOP OF THE 4TH
Gresham Gold Souls batting - Pitching for San Jose Missions : RHP Luis Ortíz
Batting: LHB Millard Dye 0-0: Ball
1-0: Fly out, F8 (Flyball, 8LS)
Batting: RHB Gabriel Miranda 0-0: Swinging Strike
0-1: Ball
1-1: Foul Ball, location: 2F
1-2: Ball
2-2: Ground out 1-3 (Groundball, P)
Batting: RHB Brian Dixon 0-0: Called Strike
0-1: Foul Ball, location: 2F
0-2: Ball
1-2: Foul Ball, location: 2F
1-2: Ball
2-2: Ball
3-2: Foul Ball, location: 2F
3-2: Base on Balls
Batting: RHB Gustavo Pagán 0-0: Called Strike
0-1: Ball
1-1: Swinging Strike
1-2: Ball
2-2: DOUBLE (Line Drive, 7LM)
Brian Dixon to third
Runner from 3rd tries for Home, SAFE, no throw
Batting: SHB Todd Smith 0-0: Ground out U3 (Groundball, 34)
Top of the 4th over - 1 run(s), 1 hit(s), 0 error(s), 1 left on base; Gresham 5 - San Jose 0
BOTTOM OF THE 4TH
San Jose Missions batting - Pitching for Gresham Gold Souls : LHP Francisco Nieto
Batting: RHB Dale Taylor 0-0: Ball
1-0: Fly out, F7 (Flyball, 7LS)
Batting: RHB Naomichi Aoki 0-0: Called Strike
0-1: Fly out, F7 (Flyball, 7)
Batting: RHB Irwin Duncan 0-0: Ball
1-0: Fly out, F8 (Flyball, 8RM)
Bottom of the 4th over - 0 run(s), 0 hit(s), 0 error(s), 0 left on base; Gresham 5 - San Jose 0
TOP OF THE 5TH
Gresham Gold Souls batting - Pitching for San Jose Missions : RHP Luis Ortíz
Batting: RHB Mario Méndez 0-0: Ball
1-0: Foul Ball, location: 2F
1-1: SINGLE (Line Drive, 56D)
Batting: RHB Aaron Scott 0-0: Ball
1-0: Called Strike
Pickoff Throw by Catcher to First - Out!
1-1: Ball
2-1: Called Strike
2-2: Ball
3-2: Base on Balls
Batting: LHB Chance Santry 0-0: Ball
1-0: Fielders Choice at 2nd, 1-4 (Groundball, 15S)
Batting: RHB Peter Hensley 0-0: Fielders Choice at 2nd, 6-4 (Groundball, 6)
Top of the 5th over - 0 run(s), 1 hit(s), 0 error(s), 0 left on base; Gresham 5 - San Jose 0
BOTTOM OF THE 5TH
San Jose Missions batting - Pitching for Gresham Gold Souls : LHP Francisco Nieto
Batting: RHB Ed Starr 0-0: Ball
1-0: SINGLE (Groundball, 6MD)
Batting: RHB José Martínez 0-0: Called Strike
0-1: Foul Ball, location: 2F
0-2: SINGLE (Line Drive, 9S)
Ed Starr to second
Runner from 2nd tries for 3rd, SAFE, throw made to third
Batting: RHB José Sánchez 0-0: Ball
1-0: Foul Ball, location: 2F
1-1: Foul Ball, location: 2F
1-2: Grounds into double play, 5-4-3 (Groundball, 56)
Ed Starr scores
Batting: RHB Miguel Mendoza 0-0: Ground out 1-3 (Groundball, P)
Bottom of the 5th over - 1 run(s), 2 hit(s), 0 error(s), 0 left on base; Gresham 5 - San Jose 1
TOP OF THE 6TH
Gresham Gold Souls batting - Pitching for San Jose Missions : RHP Luis Ortíz
Batting: LHB Millard Dye 0-0: Called Strike
0-1: Ball
1-1: SINGLE (Groundball, 4MD)
Batting: RHB Gabriel Miranda 0-0: Ball
1-0: DOUBLE (Line Drive, 7LM)
Millard Dye to third
Millard Dye scores
Pitching: RHP David Bates
Batting: RHB Brian Dixon 0-0: Ball
1-0: Fly out, F4 (Popup, 4S)
Batting: RHB Gustavo Pagán 0-0: Ball
1-0: Ball
2-0: Ground out 6-3 (Groundball, 6)
Batting: SHB Todd Smith 0-0: Swinging Strike
0-1: Foul Ball, location: 2F
0-2: Ball
1-2: Ball
2-2: Fly out, F8 (Line Drive, 89D)
Top of the 6th over - 1 run(s), 2 hit(s), 0 error(s), 1 left on base; Gresham 6 - San Jose 1
BOTTOM OF THE 6TH
San Jose Missions batting - Pitching for Gresham Gold Souls : LHP Francisco Nieto
Batting: RHB Culley Douglas 0-0: Called Strike
0-1: Fly out, F6 (Popup, 6)
Batting: RHB Jorge Díaz 0-0: Ball
1-0: SINGLE (Groundball, 56D)
Pitching: RHP Isaac Coleman
Batting: RHB Dale Taylor 0-0: Ball
1-0: Swinging Strike
1-1: Swinging Strike
1-2: Foul Ball, location: 2F
1-2: Ball
2-2: Foul Ball, location: 2F
2-2: Strikes out swinging
Batting: RHB Naomichi Aoki 0-0: Ball
1-0: Ball
2-0: SINGLE (Groundball, 6D)
Jorge Díaz to second
Batting: RHB Irwin Duncan 0-0: Ball
1-0: Ball
2-0: Foul Ball, location: 2F
2-1: Ball
3-1: Base on Balls
Jorge Díaz to third
Naomichi Aoki to second
Batting: RHB Ed Starr 0-0: Swinging Strike
0-1: Fly out, F8 (Flyball, 8LM)
Bottom of the 6th over - 0 run(s), 2 hit(s), 0 error(s), 3 left on base; Gresham 6 - San Jose 1
TOP OF THE 7TH
Gresham Gold Souls batting - Pitching for San Jose Missions : RHP David Bates
Batting: RHB Mario Méndez 0-0: Swinging Strike
0-1: Ball
1-1: Fly out, F7 (Flyball, 7LSF)
Batting: RHB Aaron Scott 0-0: Ball
1-0: Ball
2-0: Foul Ball, location: 2F
2-1: SINGLE (Line Drive, 89S)
Batting: LHB Chance Santry 0-0: Ball
1-0: Called Strike
1-1: Fly out, F8 (Flyball, 8LS)
Batting: RHB Peter Hensley 0-0: Called Strike
0-1: Ball
1-1: Ball
2-1: Foul Ball, location: 2F
2-2: Foul Ball, location: 2F
2-2: Strikes out looking
Top of the 7th over - 0 run(s), 1 hit(s), 0 error(s), 1 left on base; Gresham 6 - San Jose 1
BOTTOM OF THE 7TH
San Jose Missions batting - Pitching for Gresham Gold Souls : RHP Isaac Coleman
Batting: RHB José Martínez 0-0: Called Strike
0-1: Ball
1-1: Called Strike
1-2: Ball
2-2: Strikes out looking
Batting: RHB José Sánchez 0-0: Called Strike
0-1: Swinging Strike
0-2: Strikes out swinging
Batting: RHB Miguel Mendoza 0-0: Ball
1-0: Foul Ball, location: 2F
1-1: Called Strike
1-2: Ball
2-2: DOUBLE (Flyball, 9D)
Batting: RHB Culley Douglas 0-0: Called Strike
0-1: Ground out 5-3 (Groundball, 5)
Bottom of the 7th over - 0 run(s), 1 hit(s), 0 error(s), 1 left on base; Gresham 6 - San Jose 1
TOP OF THE 8TH
Gresham Gold Souls batting - Pitching for San Jose Missions : RHP David Bates
Batting: LHB Millard Dye 0-0: Called Strike
0-1: Called Strike
0-2: Ground out 4-3 (Groundball, 4)
Batting: RHB Gabriel Miranda 0-0: Ball
1-0: Ball
2-0: Ball
3-0: Called Strike
3-1: Fly out, F7 (Flyball, 7S)
Batting: RHB Brian Dixon 0-0: Foul Ball, location: 2F
0-1: Ball
1-1: Called Strike
1-2: Strikes out looking
Top of the 8th over - 0 run(s), 0 hit(s), 0 error(s), 0 left on base; Gresham 6 - San Jose 1
BOTTOM OF THE 8TH
San Jose Missions batting - Pitching for Gresham Gold Souls : RHP Isaac Coleman
Now at 1B: Matt Davidson
Now at SS: Elpidio Martinho
Batting: RHB Jorge Díaz 0-0: Foul Ball, location: 2F
0-1: Foul Ball, location: 2F
0-2: Strikes out swinging
Batting: RHB Dale Taylor 0-0: Ball
1-0: Ball
2-0: Fly out, F7 (Flyball, 7LM)
Batting: RHB Naomichi Aoki 0-0: Called Strike
0-1: Ball
1-1: Ball
2-1: Swinging Strike
2-2: Strikes out swinging
Bottom of the 8th over - 0 run(s), 0 hit(s), 0 error(s), 0 left on base; Gresham 6 - San Jose 1
TOP OF THE 9TH
Gresham Gold Souls batting - Pitching for San Jose Missions : RHP David Bates
Pitching: LHP Morgan O'Day
Batting: RHB Gustavo Pagán 0-0: Ground out 6-3 (Groundball, 6)
Batting: SHB Todd Smith 0-0: Called Strike
0-1: Ball
1-1: SINGLE (Line Drive, 8LS)
Batting: RHB Mario Méndez 0-0: Ball
Todd Smith steals 2nd base
1-0: Fly out, F7 (Line Drive, 7)
Batting: RHB Aaron Scott 0-0: Ball
1-0: Called Strike
1-1: Ball
2-1: Ball
3-1: Called Strike
3-2: Fly out, F8 (Flyball, 8RS)
Top of the 9th over - 0 run(s), 1 hit(s), 0 error(s), 1 left on base; Gresham 6 - San Jose 1
BOTTOM OF THE 9TH
San Jose Missions batting - Pitching for Gresham Gold Souls : RHP Isaac Coleman
Batting: RHB Irwin Duncan 0-0: Called Strike
0-1: Ball
1-1: Ball
2-1: Ground out 5-3 (Groundball, 56S)
Batting: RHB Ed Starr 0-0: Called Strike
0-1: Called Strike
0-2: Ball
1-2: Ball
2-2: Ball
3-2: Base on Balls
Batting: RHB José Martínez 0-0: Ball
1-0: Fly out, F8 (Flyball, 78D)
Batting: RHB José Sánchez 0-0: Called Strike
0-1: Foul Ball, location: 2F
0-2: Strikes out looking
Bottom of the 9th over - 0 run(s), 0 hit(s), 0 error(s), 1 left on base; Gresham 6 - San Jose 1
Tuesday, August 8th, 2017 - OOTP Baseball 17.12 Build 75